 Dungeon Crawl Stone Soup version 0.22.0-38-g04b72b8 (webtiles) character file.

1264 Loudmushroom the Skirmisher (level 8, -1/50 HPs)
             Began as a Gargoyle Fighter on Aug 25, 2018.
             Was a Believer of Okawaru.
             Slain by an orc warrior
             ... wielding a +0 trident
              (8 damage)
             ... on level 6 of the Dungeon.
             The game lasted 00:26:57 (5341 turns).

Loudmushroom the Skirmisher (Gargoyle Fighter)      Turns: 5341, Time: 00:26:58

Health: -1/50      AC: 26    Str: 19    XL:     8   Next: 52%
Magic:  9/10       EV:  9    Int:  7    God:    Okawaru [**....]
Gold:   287        SH: 12    Dex: 11    Spells: 7/7 levels left

rFire    . . .     SeeInvis .   a - +1 war axe
rCold    . . .     Gourm    .   c - +0 shield
rNeg     + . .     Faith    .   r - +0 chain mail
rPois    ∞         Spirit   .   y - +1 helmet
rElec    +         Reflect  .   E - scarf {cloud immunity}
rCorr    .         Harm     .   s - +2 pair of gloves
MR       .....                  w - +2 pair of boots
Stlth    ..........             h - amulet of rage
HPRegen  0.16/turn              g - -3 ring of intelligence (curse)
MPRegen  0.12/turn              (no ring)

@: heroism
A: negative energy resistance 1, electricity resistance, unbreathing,
petrification resistance, rot immunity, AC +5
a: Heroism, Renounce Religion, Evoke Berserk Rage


You were on level 6 of the Dungeon.
You worshipped Okawaru.
Okawaru was pleased with you.
You were not hungry.

You visited 1 branch of the dungeon, and saw 6 of its levels.

You collected 287 gold pieces.

Inventory:

Hand Weapons
 a - a +1 war axe (weapon)
 b - a +0 hunting sling
Missiles
 i - 167 stones
 m - 37 bolts
 n - 19 poisoned needles
 B - 8 tomahawks
 C - 2 poisoned javelins
 K - 33 sling bullets
 L - 4 javelins (quivered)
Armour
 c - a +0 shield (worn)
 r - a +0 chain mail (worn)
 s - a +2 pair of gloves (worn)
 w - a +2 pair of boots (worn)
 y - a +1 helmet (worn)
 E - a scarf of cloud immunity (worn)
Jewellery
 g - a cursed -3 ring of intelligence (left hand)
 h - an amulet of rage (around neck)
Wands
 q - a wand of iceblast (13)
 u - a wand of paralysis (12)
Scrolls
 j - 2 scrolls of blinking
 l - 2 scrolls of identify
 o - a scroll of teleportation
 p - 2 scrolls of magic mapping
 z - 6 scrolls of remove curse
 H - a scroll of immolation
Potions
 d - 4 potions of might
 e - 3 potions of curing
 k - a potion of heal wounds {unknown}
 t - a potion of brilliance
 x - 2 potions of resistance
 A - 3 potions of mutation
 D - a potion of flight {unknown}
 F - a potion of haste {unknown}
Comestibles
 f - 12 rations
 v - 4 chunks of flesh


   Skills:
 + Level 5.5(10.5) Fighting
 * Level 5.4(10.4) Axes
 + Level 5.4(10.4) Armour
 + Level 5.5(10.5) Shields
 + Level 2.9 Invocations
 + Level 2.4 Evocations


You had 7 spell levels left.
You didn't know any spells.
Your spell library contained the following spells:

 Spells                   Type           Power        Failure   Level  Hunger
 Flame Tongue             Conj/Fire      #....        99%         1    ##.....
 Magic Dart               Conj           #...         99%         1    ##.....
 Searing Ray              Conj           #.....       100%        2    ###....
 Throw Flame              Conj/Fire      #.....       100%        2    ###....
 Conjure Flame            Conj/Fire      #.......     100%        3    ####...
 Dazzling Spray           Conj/Hex       #.....       100%        3    ####...
 Inner Flame              Hex/Fire       #.......     100%        3    ####...
 Force Lance              Conj/Tloc      #.......     100%        4    #####..
 Fulminant Prism          Conj/Hex       #.........   100%        4    #####..
 Iskenderun's Mystic Bla  Conj           #.......     100%        4    #####..
 Sticky Flame             Conj/Fire      #.......     100%        4    #####..
 Fireball                 Conj/Fire      #.........   100%        5    ######.


Dungeon Overview and Level Annotations

Branches:
Dungeon (6/15)
 Temple: D:4-7

Altars:
Kikubaaqudgha
Okawaru
Qazlal
Uskayaw
Vehumet
Xom
Yredelemnul
The Shining One

Shops:
D:6 ([[[


Innate Abilities, Weirdness & Mutations

You are resistant to torment.
Your stone body is resilient. (AC +5)
You are immune to poison.
You resist negative energy. (rN+)
You are resistant to electric shocks. (rElec)
You can survive without breathing.
You are immune to petrification.
You are immune to rotting.


Message History

You slash the orc warrior!
The orc warrior is moderately wounded.
You slash the adder zombie!
The orc warrior hits you with a trident!
* * * LOW HITPOINT WARNING * * *
The adder zombie bites you but does no damage.
You closely miss the orc warrior.
The orc warrior is moderately wounded.
You closely miss the adder zombie. The orc warrior barely misses you.
You block the adder zombie's attack.
You slash the orc warrior!
The orc warrior is almost dead.
You closely miss the adder zombie.
The orc warrior hits you but does no damage.
The adder zombie bites you but does no damage.
You completely miss the orc warrior.
The orc warrior is almost dead.
You barely miss the adder zombie. The adder zombie barely misses you.
The orc warrior hits you with a trident!
You die...

#.....>..... #.
#.#####.....
#.#######.#####.....
##...................
...........####.....
#..#######.# #.....
#####.. #...#.#
######
.......###...#.# #
#.....o@.†...#.# ##
......Z))......# #.
####.#.###...### #⌠
#/.. ##### #. #### #⌠
##


You could see an orc warrior and an adder zombie.

Vanquished Creatures
  2 sky beasts
  A phantom (D:6)
  An ogre (D:4)
  A centaur (D:6)
  A bullfrog (D:6)
  2 howler monkeys
  3 crimson imps (D:5)
  An orc priest (D:6)
  4 orc wizards
  A bullfrog skeleton (D:5)
  Ijyb (D:5)
  4 worker ants
  A killer bee zombie (D:6)
  A hound skeleton (D:4)
  4 gnolls (D:2)
  8 adders
  2 oozes
  2 adder zombies (D:5)
  2 worms
  4 dart slugs
  3 leopard geckos
  14 orcs
  11 bats
  6 giant cockroaches
  9 goblins
  7 hobgoblins
  8 jackals
  5 kobolds
  4 quokkas
  3 ball pythons
  7 frilled lizards
  A jackal skeleton (D:5)
  11 rats
135 creatures vanquished.

Notes
Turn   | Place    | Note
-------+----------+-------------------------------------------
     0 | D:1      | Loudmushroom the Gargoyle Fighter began the quest for the Orb.
     0 | D:1      | Reached XP level 1. HP: 14/14 MP: 1/1
    70 | D:1      | Reached XP level 2. HP: 19/19 MP: 2/2
   652 | D:1      | Reached XP level 3. HP: 23/23 MP: 3/3
  1290 | D:2      | Reached XP level 4. HP: 29/29 MP: 4/4
  1564 | D:2      | Noticed a sky beast
  1612 | D:2      | Killed a sky beast
  1612 | D:2      | Reached XP level 5. HP: 3/33 MP: 5/5
  2120 | D:3      | Reached XP level 6. HP: 33/39 MP: 6/6
  2270 | D:3      | Found a hide-covered altar of Uskayaw.
  2271 | D:3      | Noticed a hand axe
  2271 | D:3      | Noticed a dagger
  3080 | D:4      | Found a basalt altar of Yredelemnul.
  3085 | D:4      | Found an iron altar of Okawaru.
  3094 | D:4      | Became a worshipper of Warmaster Okawaru
  3343 | D:4      | Found a stormy altar of Qazlal.
  3548 | D:4      | Reached skill level 1 in Invocations
  3548 | D:4      | Reached XP level 7. HP: 40/44 MP: 7/7
  3940 | D:4      | Found a faded altar of an unknown god.
  3940 | D:4      | Found a glowing golden altar of the Shining One.
  3947 | D:4      | Found a radiant altar of Vehumet.
  3949 | D:4      | Found an ancient bone altar of Kikubaaqudgha.
  3951 | D:4      | Found a shimmering altar of Xom.
  4122 | D:5      | Entered Level 5 of the Dungeon
  4180 | D:5      | Reached * piety under Okawaru
  4192 | D:5      | Noticed Ijyb
  4205 | D:5      | Reached skill level 1 in Evocations
  4210 | D:5      | Killed Ijyb
  4388 | D:5      | Reached skill level 5 in Fighting
  4535 | D:5      | Reached skill level 5 in Shields
  4897 | D:6      | Reached skill level 5 in Armour
  4933 | D:6      | Reached XP level 8. HP: 49/49 MP: 9/9
  4938 | D:6      | Reached skill level 5 in Axes
  4974 | D:6      | Found Oclap's Antique Weapon Emporium.
  5125 | D:6      | Found Qutusena's Antique Armour Emporium.
  5146 | D:6      | Reached ** piety under Okawaru
  5218 | D:6      | Found Vupraad's Antique Armour Shop.
  5255 | D:6      | Found Heeten's Antique Armour Boutique.
  5341 | D:6      | Slain by an orc warrior

Skill      XL: |  1  2  3  4  5  6  7  8 |
---------------+-------------------------+-----
Axes           | 2 3 4 5 |  5.4
Fighting       | 4 5 |  5.5
Armour         | 4 5 |  5.4
Shields        | 4 5 |  5.5
Invocations    | 1 2 |  2.9
Evocations     | 1 2 |  2.4

Action                   |  1- 3 |  4- 6 |  7- 9 || total
-------------------------+-------+-------+-------++-------
Melee: War axe           |   124 |   236 |   197 ||   557
Invok: Heroism           |       |       |     2 ||     2
 Abil: Evoke Berserk Rag |       |     1 |       ||     1
  Use: Scroll            |       |       |    14 ||    14
  Eat: Chunk             |     1 |     5 |     4 ||    10
       Ration            |       |     1 |     1 ||     2
Armor: Scale mail        |    39 |       |       ||    39
       Chain mail        |    35 |   193 |   154 ||   382
Dodge: Dodged            |    30 |    65 |    44 ||   139
Block: Shield            |    71 |   168 |   109 ||   348
